 Dungeon Crawl Stone Soup version 0.21.1-1-g345015fe64 (webtiles) character file.

434 Peloso the Covered (level 6, 0/79 HPs)
             Began as a Minotaur Fighter on June 28, 2018.
             Succumbed to a worker ant's poison
             ... on level 4 of the Dungeon.
             The game lasted 00:05:52 (2522 turns).

Peloso the Covered (Minotaur Fighter)               Turns: 2522, Time: 00:05:53

Health: 0/79       AC: 23    Str: 21    XL:     6   Next: 67%
Magic:  5/5        EV:  2    Int:  5    God:
Gold:   225        SH: 10    Dex: 11    Spells: 5/5 levels left

rFire    . . .     SeeInvis .   a - +0 long sword
rCold    . . .     Gourm    .   c - +0 shield
rNeg     + + +     Faith    .   (armour currently unavailable)
rPois    +         Spirit   .   (helmet currently unavailable)
rElec    .         Reflect  .   (cloak currently unavailable)
rCorr    .         Harm     .   (gloves currently unavailable)
MR       .....     NoTele   +   (boots currently unavailable)
Stlth    +.........             (no amulet)
HPRegen  0.23/turn              h - ring of positive energy
MPRegen  0.09/turn              (no ring)

@: lethally poisoned (0 -> -6), tree-form, very slightly contaminated, invisible
A: (retaliatory headbutt)
a: no special abilities


You were on level 4 of the Dungeon.
You were very hungry.
You were a tree.
You visited 1 branch of the dungeon, and saw 4 of its levels.

You collected 225 gold pieces.

Inventory:

Hand Weapons
 a - a +0 long sword (weapon)
 j - a +0 whip of venom
Armour
 b - a +0 scale mail (melded)
 c - a +0 shield (worn)
Jewellery
 h - a ring of positive energy (left branch)
Scrolls
 e - 2 scrolls of noise {unknown}
 g - 3 scrolls of teleportation {unknown}
 i - a scroll of amnesia {unknown}
 k - 3 scrolls of identify {unknown}
 m - a scroll of enchant weapon {unknown}
 n - a scroll of fog {unknown}
 r - a scroll of blinking {unknown}
Potions
 d - 2 potions of might
 l - a potion of resistance
Comestibles
 f - 11 rations


   Skills:
 + Level 4.7 Fighting
 + Level 5.1 Long Blades
 + Level 5.6 Armour
 + Level 1.6 Dodging
 + Level 5.4 Shields


You had 5 spell levels left.
You didn't know any spells.

Dungeon Overview and Level Annotations

Branches:
Dungeon (4/15)
 Temple: D:4-7

Altars:
Elyvilon
Vehumet


Innate Abilities, Weirdness & Mutations

((You reflexively headbutt those who attack you in melee.))
((You have a pair of horns on your head.))


Message History

You fade into invisibility!
* * * LOW HITPOINT WARNING * * *
You feel sick.
You are very lightly contaminated with residual magic.
You turn into a tree.
Your +0 scale mail melds into your body.
Your roots penetrate the ground.
* * * LOW HITPOINT WARNING * * *
You feel sick.
Unknown command.
You cannot move.
Unknown command.
* * * LOW HITPOINT WARNING * * *
You feel sick.
* * * LOW HITPOINT WARNING * * *
You feel sick.
* * * LOW HITPOINT WARNING * * *
You feel sick.
Unknown command.
You die...

##.#.#...........##........
#.........#########........
#.>#......# #....#...
#......### ########.......
##...#.## ...... .....)..
#...#### ....#.. ......
##.....#### ..... . .... ##
####..###....##..#._.# ...
.# #....## ####.♣/.......
... .###..(.# #####...#..
... .......## .....
.......# .#.. ......## ...
......# .. ####### .


There were no monsters in sight!

Vanquished Creatures
  The ghost of martinkus the Cudgeler, an amateur MiMo (D:3)
  An ogre (D:4)
  A scorpion (D:4)
  2 worker ants (D:4)
  5 adders
  3 worms
  A dart slug (D:4)
  A leopard gecko (D:1)
  2 orcs (D:3)
  5 bats
  2 giant cockroaches
  8 goblins
  4 hobgoblins
  7 jackals
  A quokka (D:2)
  A ball python (D:2)
  4 frilled lizards
  5 kobolds
  7 rats
61 creatures vanquished.

Notes
Turn   | Place    | Note
-------+----------+-------------------------------------------
     0 | D:1      | Peloso the Minotaur Fighter began the quest for the Orb.
     0 | D:1      | Reached XP level 1. HP: 19/19 MP: 0/0
   333 | D:1      | Reached XP level 2. HP: 26/27 MP: 1/1
   899 | D:2      | You fall through a shaft!
   964 | D:2      | Reached XP level 3. HP: 9/33 MP: 2/2
  1524 | D:2      | Reached XP level 4. HP: 23/40 MP: 3/3
  1954 | D:3      | Noticed martinkus's ghost (amateur MiMo)
  1971 | D:3      | Killed martinkus's ghost
  1971 | D:3      | Reached skill level 5 in Armour
  1971 | D:3      | Reached skill level 1 in Dodging
  1971 | D:3      | Reached skill level 5 in Shields
  1971 | D:3      | Reached XP level 5. HP: 36/47 MP: 4/4
  2228 | D:4      | Noticed an ogre
  2238 | D:4      | Killed an ogre
  2238 | D:4      | Reached XP level 6. HP: 30/53 MP: 5/5
  2314 | D:4      | Found a white marble altar of Elyvilon.
  2485 | D:4      | Found a radiant altar of Vehumet.
  2507 | D:4      | Reached skill level 5 in Long Blades
  2518 | D:4      | HP: 3/79 [poisoned by a worker ant]
  2520 | D:4      | HP: 1/79 [poisoned by a worker ant]
  2522 | D:4      | Succumbed to a worker ant's poison

Skill      XL: |  1  2  3  4  5  6 |
---------------+-------------------+-----
Armour         | 4 5 |  5.6
Fighting       | 4 |  4.7
Shields        | 4 5 |  5.4
Long Blades    | 3 4 5 |  5.1
Dodging        | 1 |  1.6

Action                   |  1- 3 |  4- 6 || total
-------------------------+-------+-------++-------
Melee: Long sword        |    86 |    72 ||   158
       Headbutt          |    13 |    10 ||    23
  Use: Potion            |     1 |     7 ||     8
  Eat: Chunk             |     1 |     3 ||     4
Armor: Scale mail        |    40 |    37 ||    77
Dodge: Dodged            |    19 |    28 ||    47
Block: Shield            |    59 |    42 ||   101
       Rpst.: Long sword |     6 |    13 ||    19
